 Dungeon Crawl Stone Soup version 0.31-a0-455-g1a7b003ef0 (webtiles) character file.

Game seed: 8687233712671500901

56 experimilk the Ruffian (level 3, -2/33 HPs)
             Began as a Troll Gladiator on Aug 3, 2023.
             Slain by a gnoll
             ... wielding a +0 spear
              (7 damage)
             ... on level 2 of the Dungeon.
             The game lasted 00:01:27 (894 turns).

experimilk the Ruffian (Troll Gladiator)             Turns: 894, Time: 00:01:27

Health: -2/33      AC:  4    Str: 24    XL:     3   Next: 71%
Magic:  2/2        EV: 10    Int:  4    God:
Gold:   40         SH:  0    Dex: 11    Spells: 2/2 levels left

rFire   . .          .
                       - Unarmed
rCold   . . .        (no shield)
rNeg    . . .        a - +0 robe
rPois   .            b - +0 hat
rElec   .            (no cloak)
rCorr   .            (gloves unavailable)
SInv    .            (boots unavailable)
Will    .....        h - amulet of regeneration
Stlth   +            (no ring)
HPRegen 1.85/turn    (no ring)
MPRegen 0.08/turn

%: no passive effects
@: no status effects
A: large, unfitting armour, claws 3, regeneration 1, shaggy fur 1, tough skin 1
a: no special abilities


You were on level 2 of the Dungeon.
You visited 1 branch of the dungeon, and saw 2 of its levels.

You collected 40 gold pieces.

Inventory:

Missiles
 c - 3 throwing nets
 d - a large rock (quivered)
Armour
 a - a +0 robe (worn)
 b - a +0 hat (worn)
Jewellery
 h - an amulet of regeneration (around neck)
Scrolls
 e - a scroll of fear {unknown}
 f - a scroll of enchant armour {unknown}
 i - a scroll of blinking {unknown}
 j - a scroll of amnesia {unknown}
Potions
 g - a potion of might {unknown}


   Skills:
 - Level 1.5 Fighting
 - Level 1.7 Throwing
 - Level 2.4 Dodging
 + Level 4.7 Unarmed Combat


You had 2 spell levels left.
You didn't know any spells.
Your spell library was empty.

Dungeon Overview and Level Annotations

Branches:
Dungeon (2/15)

Altars:


Innate Abilities, Weirdness & Mutations

You are too large for most types of armour.
You have claws for hands.
Your natural rate of healing is unusually fast.
You are covered in fur. (AC +1)
You have tough skin. (AC +1)


Message History

A goblin is nearby!
A gnoll comes into view. It is wielding a +0 flail.
The goblin hits you with a +0 dagger.
A gnoll comes into view. It is wielding a +0 spear.
There are monsters nearby!
You claw the goblin!
You kill the goblin!
There are monsters nearby!
A gnoll comes into view. It is wielding a +0 spear.
You see here a +0 dagger.
There are monsters nearby!
The gnoll shouts!
There are monsters nearby!
Found a whip.
The gnoll hits you with a +0 flail. The gnoll hits you with a +0 spear.
There are monsters nearby!
You scratch the gnoll.
The gnoll is moderately wounded.
The gnoll hits you with a +0 spear.
You scratch the gnoll but do no damage.
The gnoll is moderately wounded.
The gnoll hits you from afar with a +0 spear!
The gnoll closely misses you. The gnoll hits you but does no damage.
There are monsters nearby!
You scratch the gnoll but do no damage.
The gnoll is moderately wounded.
The gnoll barely misses you. The gnoll hits you with a +0 flail.
The gnoll hits you with a +0 spear.
There are monsters nearby!
You are too injured to fight recklessly!
The gnoll hits you with a +0 flail!
* * * LOW HITPOINT WARNING * * *
The gnoll closely misses you.
You see here a +0 dagger.
The gnoll attacks as you move away! The gnoll hits you with a +0 flail!
* * * LOW HITPOINT WARNING * * *
You claw the gnoll!
You kill the gnoll!
The gnoll hits you from afar with a +0 spear!
You die...

#..........####. #. .#
#......#........ #. .#
#...#).#.#.##### ##.
.# #...............
..#.###...##◎#.#.#####
....##........# #
########..# #....#.###
........g####....#.#
)........g)@.....#
##############...#
...... $...... .#####.
.# .#


You could see 2 gnolls.

Vanquished Creatures
  A gnoll (D:2)
  2 dart slugs
  4 ball pythons
  4 bats
  4 endoplasms
  4 giant cockroaches
  5 goblins
  5 hobgoblins
  2 jackals (D:1)
  4 kobolds
  5 quokkas
  A frilled lizard (D:1)
  3 rats
44 creatures vanquished.

Notes
Turn   | Place    | Note
-------+----------+-------------------------------------------
     0 | D:1      | experimilk the Troll Gladiator began the quest for the Orb.
     0 | D:1      | Reached XP level 1. HP: 19/19 MP: 0/0
    92 | D:1      | Reached XP level 2. HP: 27/27 MP: 1/1
   128 | D:1      | Reached skill level 4 in Unarmed Combat
   230 | D:1      | Reached XP level 3. HP: 33/33 MP: 2/2
   894 | D:2      | Slain by a gnoll

Illustrated notes

Levels and vault maps discovered:
D:1:      lightli_molten_gateway, layout_basic
D:2:      layout_basic, serial_glass, glass_columns_b, glass_columns_a,
          serial_park_tiny_2, chequers_avenue

Skill      XL: |  1  2 |
---------------+-------+-----
Unarmed Combat | 4 |  4.7
Fighting       | |  1.5
Throwing       | |  1.7
Dodging        | |  2.4

Action                     || total
---------------------------++-------
  Melee: Unarmed           ||   104
         Punch             ||     1
   Stab: Sleeping          ||     2
 Armour: Robe              ||    47
  Dodge: Dodged            ||    47

Table legend: (Time is in decaauts)
 A = Elapsed time spent in this place.
 B = Non-inter-level travel time spent in this place.
 C = Inter-level travel time spent in this place.
 D = Time resting spent in this place.
 E = Time spent auto-exploring this place.
 F = Levels seen in this place.
 G = Mean time per level.
                   A        B        C        D        E       F      G
               +--------+--------+--------+--------+--------+-----+--------+
         Total |    886 |    870 |     16 |     17 |    614 |   2 |  443.0 |
       Dungeon |    886 |    870 |     16 |     17 |    614 |   2 |  443.0 |
               +--------+--------+--------+--------+--------+-----+--------+

Top non-repeatable levels by time:
     D:1: 692 daAuts
     D:2: 193 daAuts
